 Dungeon Crawl Stone Soup version 0.22.1-6-g1668fe2 (webtiles) character file.

61 Gazerockf the Sneak (level 3, -10/26 HPs)
             Began as a Demigod Venom Mage on Jan 29, 2019.
             Killed by nerve-wracking pain
             ... invoked by Grinder
              (12 damage)
             ... while paralysed by Grinder
             ... on level 3 of the Dungeon.
             The game lasted 00:18:14 (1865 turns).

Gazerockf the Sneak (Demigod Venom Mage)            Turns: 1865, Time: 00:18:15

Health: -10/26     AC:  3    Str: 11    XL:     3   Next: 58%
Magic:  2/8        EV:  2    Int: 21    God:
Gold:   31         SH:  0    Dex: 16    Spells: 4/5 levels left

rFire    + . .     SeeInvis .   d - +0 dagger
rCold    . . .     Gourm    .   (no shield)
rNeg     . . .     Faith    .   h - +0 robe
rPois    .         Spirit   .   (no helmet)
rElec    .         Reflect  .   (no cloak)
rCorr    .         Harm     .   b - +0 pair of gloves
MR       .....                  (no boots)
Stlth    ++........             (no amulet)
HPRegen  0.08/turn              s - ring of protection from fire
MPRegen  0.11/turn              (no ring)

@: paralysed
A: high mp 1
a: no special abilities


You were on level 3 of the Dungeon.
You were not hungry.

You visited 1 branch of the dungeon, and saw 3 of its levels.

You collected 31 gold pieces.

Inventory:

Hand Weapons
 d - a +0 dagger (weapon)
 m - a +0 dagger
Missiles
 j - 14 poisoned needles
Armour
 a - a +0 robe
 b - a +0 pair of gloves (worn)
 e - a +0 leather armour
 h - a +0 robe (worn)
Jewellery
 s - a ring of protection from fire (left hand)
Scrolls
 f - 2 scrolls of teleportation {unknown}
 k - a scroll of fear {unknown}
 l - a scroll of amnesia {unknown}
 n - 2 scrolls of identify {unknown}
 o - a scroll of enchant armour {unknown}
 q - a scroll of random uselessness {unknown}
Potions
 g - a potion of curing {unknown}
 i - a potion of agility {unknown}
 p - 2 potions of might {unknown}
 r - 2 potions of haste {unknown}
 u - a potion of flight {unknown}
Comestibles
 c - 6 rations


   Skills:
 - Level 0.3 Fighting
 - Level 0.7 Short Blades
 - Level 1.8 Dodging
 * Level 3.2 Stealth
 + Level 1.8 Spellcasting
 - Level 0.8 Conjurations
 + Level 3.2 Poison Magic


You had 4 spell levels left.
You knew the following spells:

 Your Spells              Type           Power        Failure   Level  Hunger
z - Sting                 Conj/Pois      ##..         6%          1    #......

Your spell library contained the following spells:

 Spells                   Type           Power        Failure   Level  Hunger
 Poisonous Vapours        Pois/Air       #.....       12%         2    ###....
 Mephitic Cloud           Conj/Pois/Air  #.......     26%         3    ###....
 Olgreb's Toxic Radiance  Pois           ###.....     36%         4    #####..
 Venom Bolt               Conj/Pois      ##........   87%         5    ######.


Dungeon Overview and Level Annotations

Branches:
Dungeon (3/15)

Annotations:
D:3 Grinder


Innate Abilities, Weirdness & Mutations

You have an increased reservoir of magic. (+10% MP)


Message History

Pain shoots through your body!
Casting: Sting (safe; 6% risk of failure)
Confirm with . or Enter, or press ? or * to list all spells.
Aiming: Sting (safe; 6% risk of failure)
Press: ? - help, Shift-Dir - straight line, f/p - Grinder
Aim: Grinder (lightly wounded)
The sting misses Grinder.
You completely miss Grinder.
Grinder is lightly wounded.
Grinder gestures at you.
You suddenly lose the ability to move!
Grinder hits you but does no damage. Grinder hits you.
* * * LOW HITPOINT WARNING * * *
You writhe in agony.
* * * LOW HITPOINT WARNING * * *
Grinder blinks!
Grinder gestures at you. Pain shoots through your body!
You die...

.. #.#
##########...#
...........# #
#.#.#.#@# #.
#.#.#.#.####..
#..###.#..........#
#......#..##.####...
#......#..##5###
#...............
#.#...##..#####.
##.###..###
#.#.#.....#


You could see Grinder.

Vanquished Creatures
  2 worms (D:2)
  4 dart slugs
  2 leopard geckos (D:1)
  5 bats
  A giant cockroach (D:2)
  7 goblins
  3 hobgoblins
  9 kobolds
  A ball python (D:2)
  4 frilled lizards (D:1)
  9 rats
47 creatures vanquished.

Notes
Turn   | Place    | Note
-------+----------+-------------------------------------------
     0 | D:1      | Gazerockf the Demigod Venom Mage began the quest for the
                  | Orb.
     0 | D:1      | Reached XP level 1. HP: 14/14 MP: 5/5
   131 | D:1      | Reached XP level 2. HP: 17/20 MP: 2/7
   927 | D:2      | Reached XP level 3. HP: 26/26 MP: 4/8
  1181 | D:2      | Found a snail-covered altar of Cheibriados.
  1848 | D:3      | Noticed Grinder
  1851 | D:3      | Paralysed by Grinder for 4 turns
  1861 | D:3      | Paralysed by Grinder for 5 turns
  1865 | D:3      | Killed from afar by Grinder

Skill      XL: |  1  2  3 |
---------------+----------+-----
Poison Magic   | 3 |  3.2
Stealth        | 2 3 |  3.2
Fighting       | |  0.3
Short Blades   | |  0.7
Dodging        | |  1.8
Spellcasting   | |  1.8
Conjurations   | |  0.8

Action                   || total
-------------------------++-------
Melee: Dagger            ||    44
       Unarmed           ||     2
 Cast: Sting             ||    82
  Eat: Chunk             ||     4
Armor: Robe              ||    19
Dodge: Dodged            ||    43
